 Dungeon Crawl Stone Soup version 0.30.1-1-g62c8e00024 (webtiles) character file.

Game seed: 13466092304688986424

147963 TheDoctor the Thaumaturge (level 16, -3/85 HPs)
             Began as a Spriggan Venom Mage on July 15, 2023.
             Was a High Priest of Sif Muna.
             Slain by a fenstrider witch (10 damage)
             ... on level 4 of the Swamp on July 16, 2023.
             The game lasted 03:40:22 (38930 turns).

TheDoctor the Thaumaturge (Spriggan Venom Mage)    Turns: 38930, Time: 03:40:23

Health: -3/85      AC:  7    Str:  4    XL:     16   Next: 93%
Magic:  26/41      EV: 21    Int: 30    God:    Sif Muna [*****.]
Gold:   1262       SH:  0    Dex: 16    Spells: 2/44 levels left

rFire   . . .        V - +6 Majin-Bo {spellvamp, MP+6 Int+6}
rCold   . . .        (shield currently unavailable)
rNeg    . . .        P - +0 steam dragon scales
rPois   +            L - +0 hat
rElec   .            A - +1 cloak
rCorr   .            (gloves unavailable)
SInv    +            (boots unavailable)
Will    +++..        p - amulet "Yppob" {RegenMP Will+}
Stlth   ++           a - ring of wizardry
HPRegen 0.34/turn    J - ring of poison resistance
MPRegen 0.67/turn

%: wizardry (x1)
@: lethally poisoned (-3 -> -9), very quick
A: very small, no large weapons, unfitting armour, see invisible, speed 3
a: Renounce Religion, Channel Magic, Forget Spell, Divine Exegesis


You were on level 4 of the Swamp.
You worshipped Sif Muna.
Sif Muna was extremely pleased with you.
You visited 6 branches of the dungeon, and saw 29 of its levels.
You also visited: Ossuary.

You collected 2984 gold pieces.
You spent 1722 gold pieces at shops.

Inventory:

Hand Weapons
 Q - the +5 spear "Heujihat" {vamp, Int+3 Dex+3 SInv}
   (You found it on level 10 of the Dungeon)

   Int:       It affects your intelligence (+3).
   Dex:       It affects your dexterity (+3).
   SInv:      It lets you see invisible.
 V - the +6 Majin-Bo (weapon) {spellvamp, MP+6 Int+6}
   (You acquired it on level 1 of the Snake Pit)

   Int:       It affects your intelligence (+6).
   MP:        It affects your magic capacity (+6).
Missiles
 t - 7 atropa-tipped darts
 u - 25 boomerangs (quivered)
 y - 2 throwing nets
 K - 2 boomerangs of dispersal
 N - 3 curare-tipped darts
Armour
 j - +0 swamp dragon scales
 A - a +1 cloak (worn)
 L - a +0 hat (worn)
 P - +0 steam dragon scales (worn)
Jewellery
 a - a ring of wizardry (left hand)
 p - the amulet "Yppob" (around neck) {RegenMP Will+}
   (You found it on level 3 of the Dungeon)

   [amulet of magic regeneration]

   It increases your rate of magic regeneration.
   Will:      It increases your willpower.
 v - an amulet of reflection
 C - a ring of magical power
 J - a ring of poison resistance (right hand)
 O - a +4 ring of protection
 R - a +4 ring of protection
Wands
 g - a wand of charming (17)
 x - a wand of mindburst (1)
 D - a wand of light (16)
 H - a wand of flame (25)
 S - a wand of iceblast (11)
 U - a wand of digging (4)
 X - a wand of polymorph (5)
Scrolls
 d - 19 scrolls of teleportation
 k - 2 scrolls of summoning
 m - 4 scrolls of immolation
 o - a scroll of enchant armour {unknown}
 q - 2 scrolls of magic mapping
 r - 3 scrolls of poison
 s - 8 scrolls of fog
 B - a scroll of torment
 G - 3 scrolls of blinking
 W - 4 scrolls of fear
 Z - a scroll of enchant weapon
Potions
 b - 2 potions of magic
 c - 2 potions of ambrosia
 e - 7 potions of heal wounds
 h - 20 potions of curing
 i - 2 potions of resistance
 l - 10 potions of might
 n - 6 potions of lignification
 w - 6 potions of haste
 E - 4 potions of attraction
 F - 4 potions of cancellation
 I - 4 potions of flight
 M - 3 potions of invisibility
 T - a potion of berserk rage {unknown}
Miscellaneous
 f - a phial of floods
 z - a condenser vane


   Skills:
 - Level 10.1 Fighting
 - Level 8.1 Dodging
 - Level 3.0 Stealth
 - Level 1.8 Shields
 - Level 14.7 Spellcasting
 + Level 12.1 Conjurations
 + Level 7.2 Summonings
 - Level 10.9 Transmutations
 + Level 3.4 Fire Magic
 - Level 5.0 Ice Magic
 - Level 10.1 Poison Magic
 - Level 11.0 Invocations
 - Level 7.3 Evocations


You had 2 spell levels left.
You knew the following spells:

 Your Spells              Type           Power      Damage    Failure   Level
a - Arcjolt               Conj/Air       27%        1d37      1%          5
b - Frozen Ramparts       Ice            100%       1d16      1%          3
c - Mephitic Cloud        Conj/Pois/Air  61%        N/A       1%          3
d - Poisonous Vapours     Pois/Air       100%       N/A       1%          2
e - Ignite Poison         Fire/Tmut/Pois 63%        N/A       1%          3
f - Freezing Cloud        Conj/Ice/Air   27%        6-21      2%          5
g - Spellforged Servitor  Conj/Summ      34%        N/A       14%         7
h - Fire Storm            Conj/Fire      31%        8d8       100%        9
i - Stone Arrow           Conj/Erth      100%       3d13      1%          3
j - Blink                 Tloc           44%        N/A       1%          2

Your spell library contained the following spells:

 Spells                   Type           Power      Damage    Failure   Level
 Magic Dart               Conj           100%       1d8       0%          1
 Searing Ray              Conj           100%       2d8       0%          2
 Apportation              Tloc           44%        N/A       1%          1
 Foxfire                  Conj/Fire      100%       2x1d9     1%          1
 Freeze                   Ice            100%       1d10      1%          1
 Necrotise                Necr           88%        1d8       1%          1
 Sting                    Tmut/Pois      100%       1d8       1%          1
 Summon Small Mammal      Summ           100%       N/A       1%          1
 Cigotuvi's Dreadful Rot  Necr/Pois/Air  84%        N/A       1%          2
 Ensorcelled Hibernation  Hex/Ice        74%        N/A       1%          2
 Momentum Strike          Conj/Tloc      100%       3d10      1%          2
 Scorch                   Fire           84%        2d8       1%          2
 Call Canine Familiar     Summ           60%        N/A       1%          3
 Dazzling Flash           Conj/Hex       100%       N/A       1%          3
 Hailstorm                Conj/Ice       65%        3d14      1%          3
 Ozocubu's Armour         Ice            51%        N/A       1%          3
 Spider Form              Tmut/Pois      71%        N/A       1%          3
 Summon Guardian Golem    Hex/Summ       43%        N/A       1%          3
 Volatile Blastmotes      Fire/Tloc      64%        2d15      1%          3
 Flame Wave               Conj/Fire      62%        2d14      1%          4
 Fulminant Prism          Conj/Hex       27%        3d13      1%          4
 Ice Form                 Ice/Tmut       63%        N/A       1%          4
 Iskenderun's Mystic Bla  Conj/Tloc      55%        2d12      1%          4
 Olgreb's Toxic Radiance  Pois           70%        N/A       1%          4
 Summon Lightning Spire   Summ/Air       43%        N/A       1%          4
 Alistair's Intoxication  Tmut/Pois      47%        N/A       1%          5
 Iskenderun's Battlesphe  Conj           76%        2d12      1%          5
 Eringya's Noxious Bog    Tmut/Pois      35%        N/A       1%          6
 Gell's Gravitas          Tloc           22%        N/A       2%          3
 Portal Projectile        Hex/Tloc       44%        N/A       2%          3
 Teleport Other           Tloc           22%        N/A       2%          3
 Vhi's Electric Charge    Tloc/Air       44%        N/A       2%          3
 Yara's Violent Unravell  Hex/Tmut       26%        3d11      2%          5
 Orb of Destruction       Conj           38%        9d11      4%          7
 Summon Mana Viper        Hex/Summ       43%        N/A       6%          5
 Starburst                Conj/Fire      31%        6d9       6%          6
 Summon Cactus Giant      Summ           30%        N/A       7%          6
 Anguish                  Hex/Necr       11%        N/A       9%          4
 Animate Dead             Necr           22%        N/A       9%          4
 Dispel Undead            Necr           22%        3d12      9%          4
 Leda's Liquefaction      Hex/Erth       11%        N/A       9%          4
 Manifold Assault         Tloc           22%        N/A       9%          4
 Metabolic Englaciation   Hex/Ice        18%        N/A       9%          5
 Iron Shot                Conj/Erth      27%        9d6       11%         6
 Simulacrum               Ice/Necr       18%        N/A       41%         6
 Plasma Beam              Fire/Air       16%        2x1d30    52%         6
 Storm Form               Tmut/Air       26%        N/A       58%         7
 Ozocubu's Refrigeration  Ice            25%        4d13      65%         7
 Death Channel            Necr           11%        N/A       75%         6
 Dispersal                Tloc           11%        N/A       75%         6
 Haunt                    Necr/Summ      21%        N/A       82%         7
 Lehudib's Crystal Spear  Conj/Erth      27%        10d7      98%         8
 Necromutation            Tmut/Necr      26%        N/A       99%         8
 Borgnjor's Revivificati  Necr           11%        N/A       100%        8
 Infestation              Necr           11%        N/A       100%        8
 Maxwell's Capacitive Co  Air            11%        ∞         100%        8
 Chain Lightning          Conj/Air       27%        3d36      100%        9
 Death's Door             Necr           11%        N/A       100%        9


Dungeon Overview and Level Annotations

Branches:
Dungeon (15/15)            Temple (1/1) D:5            Lair (5/5) D:10
  Swamp (4/4) Lair:2        Snake (2/4) Lair:2        Slime (0/5) Lair:4
    Orc (2/2) D:12            Elf (0/3) Orc:2        Vaults (0/5) D:14
 Depths (0/4) D:15        Ossuary (visited)

Altars:
Ashenzari
Cheibriados
Dithmenos
Elyvilon
Fedhas
Gozag
Hepliaklqana
Kikubaaqudgha
Makhleb
Nemelex Xobeh
Okawaru
Qazlal
Ru
Sif Muna
Trog
Uskayaw
Vehumet
Wu Jian
Xom
Yredelemnul
Zin
The Shining One
Jiyva

Shops:
D:1 (   D:2 ?   D:11 *   D:13 *=[?   Orc:1 !   Orc:2 *=!*?   Snake:1 *[*

Annotations:
D:4 Grinder, Menkaure
D:6 exclusion: 2 doors
D:12 3 runed translucent doors, cheesebisquit's ghost, journeyman HOFi
Lair:1 1 exclusion
Snake:1 exclusion: downstairs
Snake:2 Roxanne; Vashnia


Innate Abilities, Weirdness & Mutations

You are very small and have problems with some larger weapons.
You are too small for most types of armour.
You have supernaturally acute eyesight. (SInv)
You cover ground extremely quickly. (Speed+++)


Message History

The stone arrow hits the fenstrider witch!!
You feel better.
The fenstrider witch is severely wounded.
You feel sick. The fenstrider witch hits you!! The fenstrider witch kicks you!
Unknown command.
Casting: Stone Arrow (safe; 1% risk of failure)
Confirm with . or Enter, or press ? or * to list all spells.
Aiming: Stone Arrow (safe; 1% risk of failure)
Press: ? - help, Shift-Dir - straight line, f/p - fenstrider witch
Aim: a fenstrider witch, wearing a +0 robe (severely wounded, 63% to hit)
The stone arrow hits the fenstrider witch!
You feel better.
The fenstrider witch is almost dead.
You feel sick.
The fenstrider witch casts a spell at you.
The toxic sludge hits you!
You are more poisoned.
You partially resist.
Splash!
You fall into the toxic bog.
Moving in this stuff is going to be slow.
You feel very sick.
The fenstrider witch gestures at you while chanting.
You resist with almost no effort.
Casting: Stone Arrow (safe; 1% risk of failure)
Confirm with . or Enter, or press ? or * to list all spells.
Electricity surges outward!
The tyrant leech is struck by an electric surge!!
You feel better.
The tyrant leech is almost dead.
The fenstrider witch is struck by an electric surge!
You feel better.
The fenstrider witch is almost dead.
You feel sick. The tyrant leech bites you!!
* * * LOW HITPOINT WARNING * * *
The tyrant leech draws strength from your injuries!
The fenstrider witch hits you.
* * * LOW HITPOINT WARNING * * *
The fenstrider witch kicks you!
You die...

♣.~..~§~~~..~♣
♣.~~~§~§~...§~
♣♣.~~~§§§§~.~.
♣..~~~§§§~~.~
♣..~~~~~~~.♣♣♣♣♣
♣~..~~~~~~....~♣
♣....†~~.§....♣♣
♣§~~.<~Hw§~~~~.♣
♣.~^♣♣~[@~~§<~~~♣
♣~ ♣♣♣......~.♣
♣......~.♣
♣~~~~~~§~~~♣♣
♣~.~~~§~~~~~.♣
♣♣~~~~~~~~~~.♣
♣♣♣........♣♣
♣♣♣♣....♣§♣
§~~.~..~


You could see a fenstrider witch and a tyrant leech (very poisoned).

Vanquished Creatures
  Jorgrun (Snake:2)
  Gastronok (D:8)
  A nagaraja (Snake:2)
  A juggernaut skeleton (D:15)
  An eleionoma (Swamp:2)
  A dire elephant (Lair:5)
  A bunyip (Swamp:3)
  Snorg (Orc:1)
  An ettin (Orc:2)
  A great orb of eyes (shapeshifter) (D:15)
  2 shambling mangroves
  A yaktaur captain (D:15)
  8 vault guards (D:14)
  An ogre mage (D:14)
  A rakshasa (D:15)
  A ghost crab (Swamp:1)
  8 hydras
  7 two-headed ogres
  15 death yaks
  7 alligators
  2 centaur warriors (D:15)
  2 boulder beetles
  5 anacondas
  A deep troll shaman (Lair:5)
  2 catoblepae
  9 naga warriors
  A shock serpent (Snake:2)
  3 tengu warriors
  5 orc high priests
  A vampire mage (D:15)
  7 naga sharpshooters (Snake:2)
  2 skeletal warriors (D:15)
  3 iron trolls (D:12)
  A goliath frog (Swamp:1)
  2 naga ritualists (Snake:2)
  3 swamp dragons (Swamp:1)
  A spriggan druid (Swamp:2)
  Pikel (D:4)
  2 deep trolls (D:12)
  A glowing orange brain (D:12)
  4 bog bodies
  2 wizards (D:14)
  A necromancer (D:15)
  2 orc knights (Orc:1)
  A deep elf zephyrmancer (D:15)
  An orc sorcerer (Orc:2)
  An iron dragon zombie (D:15)
  A wolf spider (D:15)
  5 salamanders
  3 will-o-the-wisps
  2 mana vipers (Snake:2)
  9 cyclopes
  15 ugly things
  A deep elf pyromancer (D:15)
  5 manticores
  10 elephants
  23 black mambas
  2 guardian serpents (Snake:2)
  A gargoyle (D:11)
  6 naga magi
  Joseph (D:8)
  An unseen horror (D:13)
  10 cane toads
  2 rime drakes
  8 komodo dragons
  A spriggan zombie (D:15)
  A freezing wraith (D:15)
  2 polar bears (Lair:5)
  Prince Ribbit (D:5)
  6 hornets
  A bloated husk (Swamp:1)
  5 trolls
  4 tyrant leeches
  13 dream sheep
  A tarantella (shapeshifter) (D:14)
  16 blink frogs
  An ettin skeleton (D:15)
  A spriggan (shapeshifter) (D:13)
  11 slime creatures
  A vampire (D:13)
  2 wyverns
  3 wraiths (D:12)
  3 spriggans
  A shadow (D:11)
  44 yaks
  7 fire bats (Lair:1)
  4 basilisks
  12 vampire mosquitoes
  4 wargs (Orc:2)
  3 steam dragons
  13 swamp worms
  20 nagas
  An acid dragon (D:10)
  12 water moccasins
  A floating eye (shapeshifter) (D:12)
  Duvessa (D:5)
  A swamp drake (Swamp:1)
  3 black bears
  A black bear (shapeshifter) (D:15)
  21 orc warriors
  9 centaurs
  12 ogres
  9 wolves
  A phantom (D:6)
  3 kobold brigands
  3 elf zombies (Ossuary)
  10 bullfrogs
  2 gnoll sergeants (D:11)
  3 wights (D:9)
  Dowan (D:5)
  13 killer bees
  An electric eel (Lair:2)
  3 howler monkeys
  2 centaur zombies (Ossuary)
  A lava snake (Lair:1)
  A human zombie (Ossuary)
  Crazy Yiuf (D:4)
  5 hounds
  48 orc priests
  2 gnoll boudas
  A jelly (D:5)
  3 iguanas
  17 orc wizards
  2 hound zombies (Ossuary)
  3 mummies (Ossuary)
  24 gnolls
  10 adders
  A white imp (D:8)
  An adder zombie (Ossuary)
  3 worms
  A dart slug (D:3)
  116 orcs
  8 ball pythons
  4 endoplasms
  A giant cockroach (D:2)
  A gnoll zombie (Ossuary)
  7 hobgoblins
  6 jackals
  18 kobolds
  3 quokkas
  4 bats
  6 frilled lizards
  6 goblins
  5 goblin zombies (Ossuary)
  4 hobgoblin zombies (Ossuary)
  4 jackal zombies (Ossuary)
  4 kobold zombies (Ossuary)
  2 orc zombies (Ossuary)
  2 quokka zombies (Ossuary)
  8 rats
  2 rat zombies (Ossuary)
861 creatures vanquished.

Vanquished Creatures (others)
  A swamp drake (Swamp:1)
  A goblin (D:4)
  3 foxfires (Swamp:3)
5 creatures vanquished.

Grand Total: 866 creatures vanquished

Notes
Turn   | Place    | Note
-------+----------+-------------------------------------------
     0 | D:1      | TheDoctor the Spriggan Venom Mage began the quest for the
                  | Orb.
     0 | D:1      | Reached XP level 1. HP: 9/9 MP: 5/5
   324 | D:1      | Reached XP level 2. HP: 13/13 MP: 3/6
   845 | D:1      | Found Foilutopt's Weapon Shop.
  1103 | D:2      | Found Paretiel's Magic Scroll Emporium.
  1144 | D:2      | Reached XP level 3. HP: 16/16 MP: 2/8
  1300 | D:2      | Learned a level 2 spell: Poisonous Vapours
  1308 | D:2      | Learned a level 3 spell: Mephitic Cloud
  2076 | D:2      | Bought a scroll of noise for 10 gold pieces
  2206 | D:3      | Identified the amulet "Yppob" {RegenMP Will+}
  2315 | D:3      | Reached skill level 1 in Fighting
  2315 | D:3      | Reached XP level 4. HP: 20/22 MP: 5/9
  2470 | D:3      | Noticed an orc warrior
  2844 | D:3      | Noticed an ice beast
  3225 | D:3      | Reached XP level 5. HP: 26/26 MP: 4/10
  3523 | D:3      | Killed an orc warrior
  3524 | D:3      | Reached skill level 5 in Poison Magic
  3524 | D:3      | Reached XP level 6. HP: 14/32 MP: 0/11
  4137 | D:4      | Noticed Grinder
  4339 | D:4      | Noticed Pikel
  4388 | D:4      | Noticed Menkaure
  4450 | D:4      | Reached skill level 1 in Conjurations
  4911 | D:4      | Killed Pikel
  4912 | D:4      | Reached XP level 7. HP: 20/38 MP: 8/12
  5192 | D:4      | Found a runed translucent door.
  5193 | D:4      | Noticed Crazy Yiuf
  5202 | D:4      | Killed Crazy Yiuf
  5259 | D:5      | Entered Level 5 of the Dungeon
  5283 | D:5      | Reached skill level 5 in Fighting
  5283 | D:5      | Reached skill level 3 in Spellcasting
  5283 | D:5      | Reached XP level 8. HP: 43/43 MP: 7/13
  5288 | D:5      | Learned a level 4 spell: Olgreb's Toxic Radiance
  5376 | D:5      | Found a staircase to the Ecumenical Temple.
  5452 | Temple   | Entered the Ecumenical Temple
  5627 | Temple   | Became a worshipper of Sif Muna the Loreminder
  5718 | D:5      | Noticed Prince Ribbit
  5744 | D:5      | Killed Prince Ribbit
  5745 | D:5      | Reached skill level 4 in Spellcasting
  5920 | D:5      | Noticed Duvessa
  6272 | D:5      | Noticed Dowan
  6308 | D:5      | Killed Dowan
  6455 | D:5      | Killed Duvessa
  6456 | D:5      | Reached skill level 5 in Spellcasting
  6576 | D:6      | Found a sand-covered staircase.
  6783 | D:6      | Found a snail-covered altar of Cheibriados.
  6810 | Ossuary  | Entered an ossuary
  7198 | Ossuary  | Reached skill level 5 in Dodging
  7480 | Ossuary  | Reached * piety under Sif Muna
  7481 | Ossuary  | Reached skill level 5 in Conjurations
  7774 | Ossuary  | Reached XP level 9. HP: 33/47 MP: 17/17
  8363 | D:6      | Found a hide-covered altar of Uskayaw.
  8555 | D:6      | Found a runed translucent door.
  8662 | D:6      | Reached skill level 1 in Invocations
  8818 | D:6      | Learned a level 3 spell: Ignite Poison
  8824 | D:6      | Learned a level 5 spell: Freezing Cloud
  8851 | D:6      | Reached ** piety under Sif Muna
 10383 | D:8      | Noticed Gastronok
 11225 | D:8      | Noticed Joseph
 11316 | D:8      | Killed Joseph
 11317 | D:8      | Reached XP level 10. HP: 51/51 MP: 16/18
 12037 | D:8      | Killed Gastronok
 12038 | D:8      | Reached skill level 5 in Invocations
 12116 | D:9      | Noticed a tengu warrior
 12210 | D:9      | Noticed a two-headed ogre
 12467 | D:9      | Reached *** piety under Sif Muna
 12575 | D:9      | Killed a tengu warrior
 12926 | D:9      | Killed a two-headed ogre
 13217 | D:9      | Found a sacrificial altar of Ru.
 13219 | D:9      | Found a radiant altar of Vehumet.
 13219 | D:9      | Found a shimmering altar of Xom.
 13221 | D:9      | Found a burning altar of Makhleb.
 13221 | D:9      | Found a stormy altar of Qazlal.
 13221 | D:9      | Found a shadowy altar of Dithmenos.
 13466 | D:10     | Entered Level 10 of the Dungeon
 13629 | D:10     | Reached XP level 11. HP: 23/55 MP: 19/19
 13656 | D:10     | Noticed a two-headed ogre
 13872 | D:10     | Found a staircase to the Lair.
 14167 | D:10     | Identified the +5 spear "Heujihat" {vamp, Int+3 Dex+3 SInv}
 14725 | D:10     | Killed a two-headed ogre
 15129 | Lair:1   | Entered Level 1 of the Lair of Beasts
 15139 | Lair:1   | Noticed a five-headed hydra
 15152 | Lair:1   | Identified the +2 pair of gloves of Ygueh {Dex+3}
 15404 | Lair:1   | Noticed a death yak
 15404 | Lair:1   | Noticed a death yak
 15404 | Lair:1   | Noticed a death yak
 15405 | Lair:1   | Noticed a death yak
 15406 | Lair:1   | Noticed a death yak
 15410 | Lair:1   | Killed a death yak
 15424 | Lair:1   | Killed a death yak
 15426 | Lair:1   | Killed a death yak
 15426 | Lair:1   | Reached **** piety under Sif Muna
 15427 | Lair:1   | Killed a death yak
 15456 | Lair:1   | Killed a death yak
 15545 | Lair:1   | Noticed a catoblepas
 15604 | Lair:1   | Reached XP level 12. HP: 60/60 MP: 17/20
 15644 | Lair:1   | Reached skill level 10 in Poison Magic
 15745 | Lair:1   | Reached skill level 6 in Spellcasting
 16066 | Lair:1   | Killed a catoblepas
 16321 | Lair:1   | Noticed a fire dragon
 16340 | Lair:1   | Reached skill level 10 in Conjurations
 16504 | Lair:1   | Killed a five-headed hydra
 16505 | Lair:1   | Reached skill level 7 in Spellcasting
 16653 | Lair:2   | Found a staircase to the Snake Pit.
 16745 | Lair:2   | Learned a level 4 spell: Flame Wave
 16865 | Lair:2   | Noticed a five-headed hydra
 16922 | Lair:2   | Killed a five-headed hydra
 17202 | Lair:2   | Reached skill level 8 in Spellcasting
 17602 | Lair:3   | Noticed a death yak
 17633 | Lair:3   | Reached ***** piety under Sif Muna
 17633 | Lair:3   | Received a gift from Sif Muna
 17638 | Lair:3   | Got Bas Yjif's Catalogue of Summoning and Blows {god gift}
 17827 | Lair:3   | Reached XP level 13. HP: 68/68 MP: 26/26
 18027 | Lair:3   | Reached skill level 9 in Spellcasting
 18962 | Lair:3   | Got the Monograph on Puissant Arson
 19466 | Lair:4   | Learned a level 9 spell: Fire Storm
 19537 | Lair:4   | Found a viscous altar of Jiyva.
 19537 | Lair:4   | Found a staircase to the Slime Pits.
 19939 | Lair:5   | Entered Level 5 of the Lair of Beasts
 20190 | Lair:5   | Reached skill level 10 in Spellcasting
 20357 | Lair:5   | Reached skill level 1 in Ice Magic
 20468 | Lair:5   | Noticed a dire elephant
 20491 | Lair:5   | Killed a dire elephant
 20815 | Lair:5   | Reached skill level 10 in Fighting
 21971 | D:11     | Found Dabroiru's Assorted Antiques.
 22181 | D:11     | Reached XP level 14. HP: 77/77 MP: 27/29
 22813 | D:12     | Found a runed translucent gate.
 22814 | D:12     | Found a runed translucent gate.
 22953 | D:12     | Reached skill level 11 in Spellcasting
 23006 | D:12     | Found a runed translucent gate.
 23054 | D:12     | Received a gift from Sif Muna
 23055 | D:12     | Got Qarain's Directory of the Elliptic Snowflakes {god
                  | gift}
 23078 | D:12     | Got the Elucidation of Violent Cryomancy
 23474 | D:12     | Found a staircase to the Orcish Mines.
 23582 | D:12     | Identified the +0 robe "Minas" {*Corrode Str+5 Dex+2}
 24030 | D:12     | Found a runed translucent gate.
 24030 | D:12     | Found a runed translucent gate.
 24042 | D:12     | Found a runed translucent gate.
 24049 | D:12     | Noticed cheesebisquit's ghost (journeyman HOFi)
 24260 | D:13     | Found Venahe's Jewellery Boutique.
 24571 | D:13     | Found Cakkase's Magic Scroll Shop.
 24630 | D:13     | Reached skill level 10 in Invocations
 24719 | D:13     | Found Tooqoeka's Antique Armour Emporium.
 24870 | D:13     | Found Pearch's General Store.
 25446 | D:14     | Reached skill level 12 in Spellcasting
 25717 | D:14     | Reached skill level 5 in Ice Magic
 25725 | D:14     | Received a gift from Sif Muna
 25761 | D:14     | Got Xybaoff's Opusculum on the Unstable Shapeshifter {god
                  | gift}
 25769 | D:14     | Learned a level 6 spell: Eringya's Noxious Bog
 25901 | D:14     | Found a gate to the Vaults.
 25908 | D:14     | Reached skill level 13 in Spellcasting
 25908 | D:14     | Reached skill level 5 in Transmutations
 25910 | D:14     | Reached XP level 15. HP: 80/80 MP: 26/33
 26521 | D:14     | Learned a level 7 spell: Spellforged Servitor
 26543 | D:15     | Entered Level 15 of the Dungeon
 27846 | D:15     | Found a staircase to the Depths.
 28043 | D:15     | Reached skill level 14 in Spellcasting
 28483 | D:15     | Reached skill level 10 in Transmutations
 28800 | D:15     | Identified the +6 morningstar "Cytudil" {heavy, *Slow rCorr
                  | Int+3 Dex+5}
 28839 | D:15     | Learned a level 2 spell: Blink
 29234 | Orc:1    | Entered Level 1 of the Orcish Mines
 29264 | Orc:1    | Reached skill level 1 in Summonings
 29415 | Orc:1    | Found Aprybere's Distillery.
 29418 | Orc:1    | Noticed Snorg
 29424 | Orc:1    | Killed Snorg
 29813 | Orc:2    | Entered Level 2 of the Orcish Mines
 30187 | Orc:2    | Received a gift from Sif Muna
 30300 | Orc:2    | Got Elos's Enchiridion on the Charming Chill {god gift}
 30308 | Orc:2    | Found Jashryul's Magic Scroll Boutique.
 30308 | Orc:2    | Found Uleonoec's Assorted Antiques.
 30438 | Orc:2    | Found Viru's Distillery.
 30457 | Orc:2    | Found Xuhif's Jewellery Shoppe.
 30553 | Orc:2    | Found a staircase to the Elven Halls.
 30863 | Orc:2    | Found Jaorinlu's Assorted Antiques.
 31107 | Orc:2    | Bought a condenser vane for 880 gold pieces
 31598 | Lair:2   | Learned a level 5 spell: Arcjolt
 31602 | Lair:2   | Learned a level 3 spell: Frozen Ramparts
 31874 | Lair:2   | Found a staircase to the Swamp.
 32061 | Snake:1  | Entered Level 1 of the Snake Pit
 32089 | Snake:1  | Learned a level 2 spell: Poisonous Vapours
 32123 | Snake:1  | Reached skill level 1 in Evocations
 32235 | Snake:1  | Reached skill level 1 in Shields
 32420 | Snake:1  | Found Isesioh's Assorted Antiques.
 32712 | Snake:1  | Found Rafib's General Store.
 32717 | Snake:1  | Bought a scroll of acquirement for 832 gold pieces
 32720 | Snake:1  | Acquired a staff of conjuration
 32722 | Snake:1  | Acquired the +6 Majin-Bo {spellvamp, MP+6 Int+6}
 32722 | Snake:1  | Found the +6 Majin-Bo {spellvamp, MP+6 Int+6}
 32743 | Snake:1  | Found Raoheten's Armour Shoppe.
 32771 | Snake:1  | Reached XP level 16. HP: 43/85 MP: 2/35
 32975 | Snake:1  | Learned a level 3 spell: Stone Arrow
 33229 | Snake:2  | Noticed Jorgrun
 33964 | Snake:2  | Noticed Roxanne
 34000 | Snake:1  | Acquired the +0 buckler of the Bull {rElec Dex+3}
 34307 | Snake:2  | Killed Jorgrun
 34456 | Snake:2  | Reached skill level 5 in Summonings
 34468 | Snake:2  | Reached skill level 5 in Evocations
 35394 | Snake:2  | Noticed Vashnia
 36041 | Swamp:1  | Entered Level 1 of the Swamp
 36239 | Swamp:1  | Reached skill level 1 in Fire Magic
 36887 | Swamp:1  | Found the +8 longbow "Zephyr" {speed, Dex+3 SInv}
 37632 | Swamp:2  | Received a gift from Sif Muna
 37635 | Swamp:2  | Got Sif Muna's Catalogue of Blinking Confrontation {god
                  | gift}
 38593 | Swamp:4  | Entered Level 4 of the Swamp
 38930 | Swamp:4  | Slain by a fenstrider witch

Illustrated notes

Levels and vault maps discovered:
D:1:      giann_horns, layout_loops_cross, serial_shops, shop
D:2:      layout_basic, serial_shops, shop, minmay_liquid_box
D:3:      layout_loops_ring, hellmonk_no_cap
D:4:      layout_cave_pools, uniq_menkaure, uniq_crazy_yiuf_cottage,
          uniq_grinder, uniq_pikel
D:5:      layout_gridville, minmay_temple_entry_waves, uniq_duvessa,
          uniq_prince_ribbit1
D:6:      layout_gridville, nicolae_uskayaw_suspiria,
          mainiacjoe_overflow_brackets, enter_ossuary_1, lightli_church_of_beogh
D:7:      nicolae_cairo_tiling_very_big, layout_basic, dreamdust_gnoll_farm
D:8:      layout_basic, uniq_gastronok, uniq_joseph
D:9:      layout_long_grid, doesnt_xom_only_xom, minmay_misc_feat_tiny
D:10:     layout_layer_cave, lair_entry_dummy, minmay_fountain_box
D:11:     layout_cave_pods, serial_shops, nicolae_shop_trees,
          hangedman_decor_peaks_small
D:12:     lemuel_troll_bridge, layout_basic, david_orc_5,
          ploomutoo_gammafunk_ghost_potion_laboratory
D:13:     layout_loops_cross, serial_shops, shop, shop, shop,
          nicolae_diamond_shop
D:14:     layout_loops_corners, erik_vaults_2
D:15:     gammafunk_depths_entry_grave, layout_loops_corners, moated_statue,
          st_stairs_2, minivault_12
Temple:   nicolae_temple_bog_church
Lair:1:   dragon1_lemuel, layout_loops_ring, lemuel_fruit_fields
Lair:2:   layout_hall_layers, nicolae_swamp_entry_splash_gauntlet,
          guppyfry_snake_entry_garden, infiniplex_staircase_pool_2,
          grunt_megastairs_4
Lair:3:   layout_cave_pods, serial_rivers, chequers_serial_rivers_micro_b,
          chequers_serial_rivers_room_b, chequers_serial_rivers_small_3,
          chequers_serial_rivers_marsh, chequers_serial_rivers_micro_b,
          hangedman_lair_generics_rect
Lair:4:   layout_gridlike, slime_entry_1, minivault_11
Lair:5:   grunt_lair_end_beastmaster, layout_cellular_growth, st_stairs_7,
          grunt_megastairs_1
Swamp:1:  layout_basic_swamp, evilmike_swamp_ruin_house_2
Swamp:2:  layout_basic_swamp, hangedman_swamp_ruin_hall, swamp_pool2,
          statue_in_the_mist_lemuel
Swamp:3:  layout_basic_swamp, nicolae_swamp_stair_fork, swamp_pool1
Swamp:4:  byrel_swamp_growth_death_and_undeath, layout_basic_swamp,
          nicolae_swamp_round_clearing
Snake:1:  layout_honeycomb, serial_shops, nicolae_diamond_shop,
          nicolae_shop_crystal, shop
Snake:2:  layout_rooms, uniq_jorgrun, uniq_vashnia, uniq_roxanne
Orc:1:    layout_caves, basic_altar, serial_shops, nicolae_shop_stone,
          nicolae_orc_lava_tube, uniq_snorg
Orc:2:    st_orc_town, layout_caves, serial_shops, nicolae_lakefront_shop

Skill      XL: |  1  2  3  4  5  6  7  8  9 10 11 12 13 14 15 16 |
---------------+-------------------------------------------------+-----
Dodging        | 3 4 5 7 8 |  8.1
Poison Magic   | 4 5 9 10 | 10.1
Fighting       | 1 2 4 5 7 10 | 10.1
Conjurations   | 3 5 6 8 9 10 11 12 | 12.1
Spellcasting   | 3 5 8 10 13 14 | 14.7
Invocations    | 4 7 8 11 | 11.0
Transmutations | 4 6 10 | 10.9
Ice Magic      | 2 5 |  5.0
Summonings     | 4 7 |  7.2
Evocations     | 3 7 |  7.3
Shields        | 1 |  1.8
Fire Magic     | 3 |  3.4
Stealth        | |  3.0

Action                     |  1- 3 |  4- 6 |  7- 9 | 10-12 | 13-15 | 16-18 || total
---------------------------+-------+-------+-------+-------+-------+-------++-------
  Melee: Short sword       |    12 |     7 |       |       |       |       ||    19
         Quarterstaff      |       |       |   144 |     2 |       |       ||   146
         Whip              |       |       |    78 |     1 |       |       ||    79
         Trident           |       |       |       |    29 |       |       ||    29
         Spear             |       |       |       |    66 |   191 |       ||   257
         Punch             |       |       |       |       |     2 |       ||     2
         Bo                |       |       |       |       |       |     6 ||     6
  Throw: Stone             |     5 |     1 |     4 |     4 |       |       ||    14
         Boomerang         |       |       |     4 |       |     2 |     3 ||     9
   Cast: Sting             |    70 |    99 |   204 |    12 |     7 |       ||   392
         Poisonous Vapours |     1 |    46 |   145 |   169 |   236 |    62 ||   659
         Mephitic Cloud    |       |     1 |    14 |    46 |    89 |     6 ||   156
         Ignite Poison     |       |       |     2 |    74 |   214 |    36 ||   326
         Olgreb's Toxic Ra |       |       |       |    19 |    81 |       ||   100
         Flame Wave        |       |       |       |     4 |     4 |       ||     8
         Freezing Cloud    |       |       |       |       |    92 |    52 ||   144
         Arcjolt           |       |       |       |       |    11 |    28 ||    39
         Frozen Ramparts   |       |       |       |       |     7 |     3 ||    10
         Blink             |       |       |       |       |     1 |     1 ||     2
         Fire Storm        |       |       |       |       |     1 |       ||     1
         Eringya's Noxious |       |       |       |       |     1 |       ||     1
         Stone Arrow       |       |       |       |       |       |   147 ||   147
 Invoke: Channel Magic     |       |       |       |     1 |       |       ||     1
         Forget Spell      |       |       |       |       |     2 |       ||     2
         Divine Exegesis   |       |       |       |       |     1 |       ||     1
  Evoke: Wand              |       |       |       |       |     5 |       ||     5
         Condenser vane    |       |       |       |       |     1 |       ||     1
         Phial of floods   |       |       |       |       |       |     1 ||     1
    Use: Scroll            |       |       |       |    11 |    15 |     6 ||    32
         Potion            |       |       |       |       |       |     2 ||     2
   Stab: Confused          |       |       |     1 |       |     2 |       ||     3
         Sleeping          |       |       |     1 |       |       |       ||     1
         Petrifying        |       |       |       |     1 |       |       ||     1
 Armour: Robe              |       |     2 |    29 |     3 |       |       ||    34
         Steam dragon scal |       |       |       |    11 |    22 |    11 ||    44
  Dodge: Dodged            |    28 |    30 |   257 |   158 |   203 |    91 ||   767
  Block: Other             |       |       |       |       |       |     3 ||     3
         Reflection        |       |       |       |       |       |     2 ||     2
